 Dungeon Crawl Stone Soup version 0.21-a0-143-g1ab7d47 (webtiles) character file.

2644 Kurtz the Thaumaturge (level 9, -7/45 HPs)
             Began as a Kobold Ice Elementalist on July 25, 2017.
             Was a Follower of Vehumet.
             Mangled by an orc warrior
             ... wielding a +0 short sword
              (16 damage)
             ... on level 7 of the Dungeon.
             The game lasted 00:21:44 (11624 turns).

Kurtz the Thaumaturge (Kobold Ice Elementalist)    Turns: 11624, Time: 00:21:45

Health: -7/45      AC: 12    Str:  9    XL:     9   Next: 93%
Magic:  29/30      EV: 14    Int: 19    God:    Vehumet [*.....]
Gold:   318        SH:  0    Dex: 11    Spells: 11/25 levels left

rFire    + + .     SeeInvis .   p - +2 dagger (venom)
rCold    . . .     Gourm    .   (shield restricted)
rNeg     . . .     Faith    .   J - +1 troll leather armour of Leit Huwk {rF+ Regen+ Str+3 Dex-4}
rPois    .         Spirit   .   d - +2 hat
rElec    .         Reflect  .   q - +0 cloak
rCorr    .         Harm     .   k - +2 pair of gloves
MR       .....                  I - +0 pair of boots
Stlth    ++........             (no amulet)
HPRegen  0.55/turn              G - ring of protection from fire
MPRegen  0.22/turn              E - ring of magical power

@: no status effects
A: carnivore 3
a: Renounce Religion


You were on level 7 of the Dungeon.
You worshipped Vehumet.
Vehumet was aware of your devotion.
You were very full.

You visited 2 branches of the dungeon, and saw 9 of its levels.
You visited the Abyss 1 time.

You collected 318 gold pieces.

Inventory:

Hand Weapons
 l - a +0 hand axe
 m - a +0 short sword
 p - a +2 dagger of venom (weapon)
 M - a +0 long sword
 Q - a +0 short sword of speed
Missiles
 F - 148 stones (quivered)
 K - a throwing net
Armour
 a - a +0 robe
 d - a +2 hat (worn)
 k - a +2 pair of gloves (worn)
 q - a +0 cloak (worn)
 u - a +0 buckler of protection
 C - a +0 leather armour of magic resistance
 I - a +0 pair of boots (worn)
 J - the +1 troll leather armour of Leit Huwk (worn) {rF+ Regen+ Str+3 Dex-4}
   (You found it on level 7 of the Dungeon)

   It affects your strength (+3).
   It affects your dexterity (-4).
   It protects you from fire.
   It increases your rate of regeneration.
Jewellery
 h - the ring "Zulub" {*Tele MR+}
   (You found it on level 8 of the Dungeon)

   [ring of teleportation]

   It may teleport you next to monsters.
   It affects your resistance to hostile enchantments.
 E - a ring of magical power (right hand)
 G - a ring of protection from fire (left hand)
Wands
 H - a wand of iceblast (2/15)
 P - a wand of digging (13/24)
Scrolls
 f - 2 scrolls of enchant armour
 j - 3 scrolls of enchant weapon {unknown}
 n - 2 scrolls of random uselessness {unknown}
 o - 3 scrolls of teleportation {unknown}
 s - a scroll of immolation {unknown}
 t - 2 scrolls of amnesia {unknown}
 v - 3 scrolls of recharging {unknown}
 x - 4 scrolls of remove curse
 y - a scroll of noise {unknown}
 z - 2 scrolls of magic mapping {unknown}
 B - a scroll of fear {unknown}
 O - a scroll of torment {unknown}
Potions
 e - 3 potions of curing
 g - a potion of brilliance
 r - a potion of might
 w - a potion of resistance
 A - 2 potions of flight
 D - 3 potions of agility {unknown}
 L - 3 potions of heal wounds {unknown}
 R - a potion of berserk rage {unknown}
Books
 b - a book of Frost

   Spells                             Type                      Level
   a - Freeze                         Ice                          1
   b - Throw Frost                    Conjuration/Ice              2
   c - Ozocubu's Armour               Charms/Ice                   3
   d - Throw Icicle                   Conjuration/Ice              4
   e - Summon Ice Beast               Ice/Summoning                4
Comestibles
 c - 3 meat rations
 i - 3 royal jellies


   Skills:
 * Level 5.5 Short Blades
 - Level 2.4 Dodging
 - Level 2.6 Stealth
 * Level 2.8 Shields
 * Level 8.5 Spellcasting
 * Level 3.2 Conjurations
 * Level 7.9 Ice Magic


You had 11 spell levels left.
You knew the following spells:

 Your Spells              Type           Power        Failure   Level  Hunger
a - Freeze                Ice            ####         1%          1    None
b - Throw Frost           Conj/Ice       ####..       1%          2    None
c - Ozocubu's Armour      Chrm/Ice       ###.....     7%          3    None
d - Throw Icicle          Conj/Ice       ####....     12%         4    ###....
e - Summon Ice Beast      Ice/Summ       ###.....     24%         4    ###....


Dungeon Overview and Level Annotations

Branches:
Dungeon (8/15)             Temple (1/1) D:5
   Lair: D:8-11

Altars:
Ashenzari
Cheibriados
Elyvilon
Hepliaklqana
Kikubaaqudgha
Makhleb
Nemelex Xobeh
Okawaru
Ru
Trog
Uskayaw
Vehumet
Yredelemnul
Zin
The Shining One


Innate Abilities, Weirdness & Mutations

You are small and have problems with some larger weapons.
You are carnivorous and can eat meat at any time.


Message History

Aim: an orc warrior, wielding a short sword and wearing a runed chain mail (poisoned)
You freeze the orc warrior.
The orc warrior is lightly wounded.
The orc warrior hits you with a short sword!
Casting: Freeze
Confirm with . or Enter, or press ? or * to list all spells.
Aiming: Freeze
Press: ? - help, Shift-Dir - straight line, f/p - orc warrior
Aim: an orc warrior, wielding a short sword and wearing a runed chain mail (lightly wounded, poisoned)
You freeze the orc warrior.
The orc warrior is heavily wounded.
The orc warrior barely misses you.
There is a stone staircase leading up here.
The orc warrior hits you with a short sword!!
* * * LOW HITPOINT WARNING * * *
The orc barely misses you.
You climb upwards.
There is a stone staircase leading down, spattered with blood here.
The orc warrior hits you with a short sword!
You die...

#################################
..#...#......+..o>#....^#........
..'...'......#..@o'.....'........
#.########...##..###.##.#########
#.##########'##..######.###....##
........#.....#..#...#...#.....##
........#.....'..+...#...#.....##
........#.....#..#...#...#.......
........#.....#..#...#...#.......
#...########.###.##.###..##..####
############+###.##.###..##..####


You could see an orc warrior and an orc.

Vanquished Creatures
  A two-headed ogre (D:7)
  Edmund (D:6)
  2 ogres
  A centaur (D:5)
  5 killer bees
  2 crimson imps (D:6)
  3 jellies
  4 orc priests
  3 hounds
  6 orc wizards
  A centaur skeleton (D:5)
  An iguana (D:4)
  4 worker ants
  7 gnolls
  10 adders
  A shadow imp (D:6)
  An adder zombie (D:6)
  3 worms
  4 dart slugs
  7 leopard geckos
  11 orcs
  4 giant cockroaches
  7 goblins
  9 hobgoblins
  8 jackals
  3 quokkas
  3 ball pythons
  9 bats
  4 frilled lizards
  7 kobolds
  4 rats
136 creatures vanquished.

Vanquished Creatures (collateral kills)
  A hippogriff (D:7)
  Menkaure (D:6)
  An orc warrior (D:7)
  2 phantoms
  A bullfrog skeleton (D:7)
  An orc wizard (D:7)
  2 shadow imps
  An adder skeleton (D:7)
  A leopard gecko (D:7)
  An orc (D:7)
12 creatures vanquished.

Grand Total: 148 creatures vanquished

Notes
Turn   | Place    | Note
-------+----------+-------------------------------------------
     0 | D:1      | Kurtz the Kobold Ice Elementalist began the quest for the Orb.
     0 | D:1      | Reached XP level 1. HP: 10/10 MP: 3/3
   227 | D:1      | Reached XP level 2. HP: 12/15 MP: 3/5
   503 | D:1      | Reached XP level 3. HP: 18/19 MP: 4/7
   796 | D:2      | Found a basalt altar of Yredelemnul.
   931 | D:2      | Learned a level 2 spell: Throw Frost
   935 | D:2      | Learned a level 3 spell: Ozocubu's Armour
  1362 | D:2      | Reached XP level 4. HP: 24/24 MP: 4/8
  1415 | D:2      | Reached skill level 3 in Spellcasting
  1419 | D:2      | Reached skill level 1 in Short Blades
  1477 | D:2      | Found a white marble altar of Elyvilon.
  2269 | D:2      | Reached XP level 5. HP: 21/28 MP: 7/10
  2483 | D:2      | Learned a level 4 spell: Throw Icicle
  2870 | D:4      | Reached skill level 4 in Spellcasting
  2950 | D:4      | Reached XP level 6. HP: 32/32 MP: 12/12
  2956 | D:4      | You fall through a shaft for 2 floors!
  2971 | D:6      | Noticed Menkaure
  2993 | D:5      | Entered Level 5 of the Dungeon
  3007 | D:5      | Found a sacrificial altar of Ru.
  3183 | D:5      | You fall through a shaft for 3 floors!
  3183 | D:8      | Noticed an orc warrior
  3214 | D:6      | Noticed Edmund
  3230 | D:6      | Killed Edmund
  3230 | D:6      | Reached skill level 5 in Ice Magic
  3542 | D:4      | Learned a level 4 spell: Summon Ice Beast
  3562 | D:4      | Found a glowing silver altar of Zin.
  3592 | D:4      | Found a snail-covered altar of Cheibriados.
  4472 | D:4      | Reached XP level 7. HP: 36/36 MP: 14/14
  4573 | D:4      | Reached skill level 5 in Spellcasting
  4874 | D:5      | Found a staircase to the Ecumenical Temple.
  4902 | Temple   | Entered the Ecumenical Temple
  4913 | Temple   | Became a worshipper of Vehumet
  5589 | D:5      | Reached XP level 8. HP: 17/41 MP: 16/16
  5999 | D:5      | Reached skill level 6 in Spellcasting
  6650 | D:6      | Killed Menkaure
  6820 | D:6      | Found a shattered altar of Ashenzari.
  6906 | D:6      | Reached skill level 1 in Shields
  8910 | D:7      | Noticed a hippogriff
  8917 | D:7      | Killed a hippogriff
  8917 | D:7      | Reached skill level 7 in Spellcasting
  8917 | D:7      | Reached XP level 9. HP: 45/45 MP: 17/19
  8931 | D:7      | Got a dazzling troll leather armour
  8957 | D:6      | Identified the +1 troll leather armour of Leit Huwk {rF+ Regen+ Str+3 Dex-4} (You found it on level 7 of the Dungeon)
  9065 | D:7      | Reached skill level 5 in Short Blades
  9351 | D:7      | Reached * piety under Vehumet
  9351 | D:7      | Offered knowledge of Sandblast by Vehumet.
  9534 | D:7      | Cast into level 1 of the Abyss (a distortion unwield)
  9604 | Abyss:3  | Noticed an apocalypse crab
  9621 | D:7      | Escaped the Abyss
 11094 | D:7      | HP: 1/67 [killer bee (5)]
 11279 | D:8      | Noticed a two-headed ogre
 11281 | D:8      | Got a sparkling brass ring
 11317 | D:7      | Killed a two-headed ogre
 11317 | D:7      | Reached skill level 8 in Spellcasting
 11377 | D:7      | Identified the ring "Zulub" {*Tele MR+} (You found it on level 8 of the Dungeon)
 11624 | D:7      | Mangled by an orc warrior

Vault maps used:
D:1:      zaba_arrival_water
D:2:      elyvilon_altar_1, yredelemnul_altar_generic
D:3:      first_bread, serial_park_tiny_pond, minmay_misc_feat_diagonals
D:4:      zin_treasury, kennysheep_slug_shrine
D:5:      temple_fountains, nicolae_ru_awakened_eye
D:6:      nicolae_ashenzari_panopticon, uniq_edmund, uniq_menkaure
D:8:      doesnt_xom_only_xom, uniq_psyche
Temple:   cyrus_circular_temple
Abyss:1:  hangedman_decor_peaks_small
Abyss:3:  dshaligram_kb_abyss_rune_zappy_water_cross

Skill      XL: |  1  2  3  4  5  6  7  8  9 |
---------------+----------------------------+-----
Ice Magic      | 4 5 6 7 |  7.9
Spellcasting   | 3 4 5 7 8 |  8.5
Short Blades   | 1 3 4 5 |  5.5
Conjurations   | 2 3 |  3.2
Shields        | 1 2 |  2.8
Dodging        | |  2.4
Stealth        | |  2.6

Action                   |  1- 3 |  4- 6 |  7- 9 || total
-------------------------+-------+-------+-------++-------
Melee: Unarmed           |    32 |       |       ||    32
       Short sword       |    38 |       |       ||    38
       Hand axe          |     8 |       |       ||     8
       Dagger            |       |   129 |   235 ||   364
 Cast: Freeze            |    32 |    26 |    76 ||   134
       Ozocubu's Armour  |       |     3 |     7 ||    10
       Throw Frost       |       |     7 |    48 ||    55
       Throw Icicle      |       |     2 |     6 ||     8
       Summon Ice Beast  |       |       |    13 ||    13
Evoke: Wand              |       |       |     1 ||     1
  Use: Scroll            |       |       |     9 ||     9
       Potion            |       |       |     4 ||     4
 Stab: Sleeping          |     1 |     9 |     3 ||    13
       Distracted        |       |       |     2 ||     2
  Eat: Chunk             |    10 |    10 |    26 ||    46
Armor: Robe              |    32 |    33 |       ||    65
       Leather armour    |       |    17 |    63 ||    80
       Skin              |       |       |    27 ||    27
       Troll leather arm |       |       |    23 ||    23
Dodge: Dodged            |    85 |   117 |   174 ||   376
